 Dungeon Crawl Stone Soup version 0.21.0 (webtiles) character file.

32 Farioch the Vexing (level 3, -1/25 HPs)
             Began as a Gnoll Wanderer on Jan 6, 2018.
             Was an Initiate of Okawaru.
             Slain by a worm (6 damage)
             ... on level 2 of the Dungeon.
             The game lasted 00:20:15 (1447 turns).

Farioch the Vexing (Gnoll Wanderer)                 Turns: 1447, Time: 00:20:15

Health: -1/25      AC:  9    Str: 14    XL:     3   Next: 27%
Magic:  7/7        EV:  4    Int: 14    God:    Okawaru [......]
Gold:   74         SH: 13    Dex: 15    Spells: 7/7 levels left

rFire    . . .     SeeInvis .   w - +0 short sword
rCold    . . .     Gourm    .   u - +1 large shield {AC+3}
rNeg     . . .     Faith    .   t - +0 scale mail
rPois    .         Spirit   .   (no helmet)
rElec    .         Reflect  .   (no cloak)
rCorr    .         Harm     .   (no gloves)
MR       .....                  (no boots)
Stlth    ..........             (no amulet)
HPRegen  0.08/turn              (no ring)
MPRegen  0.10/turn              (no ring)

@: no status effects
A: distributed training, fangs 1, strong nose
a: Renounce Religion


You were on level 2 of the Dungeon.
You worshipped Okawaru.
Okawaru was noncommittal.
You were not hungry.

You visited 1 branch of the dungeon, and saw 2 of its levels.

You collected 74 gold pieces.

Inventory:

Hand Weapons
 e - a +0 dagger
 k - a +0 dagger
 o - a +0 club
 q - a +0 whip
 w - a +0 short sword (weapon)
Armour
 a - a +0 shield
 d - a +0 robe
 g - a +0 leather armour
 t - a +0 scale mail (worn)
 u - a +1 large shield of protection (worn)
Jewellery
 s - an uncursed amulet of inaccuracy
Scrolls
 h - a scroll of immolation
 i - 3 scrolls of teleportation
 j - a scroll of remove curse
 r - 2 scrolls of blinking
 y - a scroll of identify
Potions
 l - a potion of lignification {unknown}
 n - a potion of mutation {unknown}
 p - a potion of invisibility {unknown}
 v - a potion of heal wounds {unknown}
 x - a potion of magic {unknown}
Books
 b - the Reference Book on Confrontation

   Spells                             Type                      Level
   a - Sting                          Conjuration/Poison           1
   b - Stone Arrow                    Conjuration/Earth            3
 c - Sif Muna's Incunabulum of Toxins

   Spells                             Type                      Level
   a - Sting                          Conjuration/Poison           1
   b - Spider Form                    Transmutation/Poison         3
Comestibles
 f - a ration
 m - 2 chunks of flesh


   Skills:
 + Level 0.6 Fighting
 + Level 0.6 Short Blades
 + Level 0.6 Long Blades
 + Level 0.6 Axes
 + Level 0.6 Maces & Flails
 + Level 0.6 Polearms
 + Level 0.6 Staves
 + Level 0.6 Slings
 + Level 0.6 Bows
 + Level 0.6 Crossbows
 + Level 2.5 Throwing
 + Level 0.6 Armour
 + Level 0.6 Dodging
 + Level 0.6 Stealth
 + Level 2.5 Shields
 + Level 0.6 Unarmed Combat
 + Level 2.8 Spellcasting
 + Level 0.4 Conjurations
 + Level 5.4 Hexes
 + Level 0.4 Charms
 + Level 0.4 Summonings
 + Level 0.4 Necromancy
 + Level 0.4 Translocations
 + Level 0.4 Transmutations
 + Level 3.7 Fire Magic
 + Level 0.4 Ice Magic
 + Level 2.1 Air Magic
 + Level 0.4 Earth Magic
 + Level 2.1 Poison Magic
 + Level 0.8 Invocations
 + Level 0.6 Evocations


You had 7 spell levels left.
You didn't know any spells.

Dungeon Overview and Level Annotations

Branches:
Dungeon (2/15)

Altars:
Okawaru


Innate Abilities, Weirdness & Mutations

Your experience applies equally to all skills.
You have very sharp teeth.
Your uncanny sense of smell can sniff out nearby items.


Message History

You hit the hobgoblin but do no damage.
The hobgoblin hits you but does no damage.
You hit the hobgoblin.
You bite the hobgoblin, but do no damage.
The hobgoblin is moderately wounded.
The hobgoblin hits you but does no damage.
You hit the hobgoblin.
The hobgoblin is almost dead.
The hobgoblin hits you but does no damage.
You block the hobgoblin's attack.
You hit the hobgoblin.
You kill the hobgoblin!
Okawaru accepts your kill. The bat hits you but does no damage.
You hit the worm. You bite the worm.
The worm is moderately wounded.
You hit the worm.
The worm is heavily wounded.
The worm bites you.
You die...

∆ #.......##.#.# #.#
#.......##.#.# #.#
#.......##.#.# #.#
#.......##.#.# #.#
###.......##.#.###.#
+..................#
###b.†...###.#.#####
#w##'### #.#...
#@##.# #.#####
#.##.# #.#
#.##.#####.#
#.##....##.#
#.#####.##.# #.#
#.##.####### #.#
#........... #.#
##...#######
#.#......<.


You could see a worm and a bat.

Vanquished Creatures
  A dart slug (D:1)
  A leopard gecko (D:2)
  3 giant cockroaches
  5 hobgoblins
  3 kobolds
  4 bats (D:1)
  6 goblins (D:1)
  2 rats (D:1)
25 creatures vanquished.

Notes
Turn   | Place    | Note
-------+----------+-------------------------------------------
     0 | D:1      | Farioch the Gnoll Wanderer began the quest for the Orb.
     0 | D:1      | Farioch set off with: a +0 shield, the Reference Book on Confrontation, Sif Muna's Incunabulum of Toxins, a +0 robe, a +0 dagger, a ration
     0 | D:1      | Reached XP level 1. HP: 13/13 MP: 4/4
   163 | D:1      | Reached XP level 2. HP: 16/19 MP: 5/5
   238 | D:1      | Identified the Reference Book on Confrontation
   238 | D:1      | Identified Sif Muna's Incunabulum of Toxins
  1119 | D:1      | Reached XP level 3. HP: 21/25 MP: 7/7
  1233 | D:2      | Found an iron altar of Okawaru.
  1266 | D:2      | Became a worshipper of Warmaster Okawaru
  1447 | D:2      | Slain by a worm

Skill      XL: |  1 |
---------------+----+-----
Air Magic      | 2 |  2.1
Poison Magic   | 2 |  2.1
Fighting       | |  0.6
Short Blades   | |  0.6
Long Blades    | |  0.6
Axes           | |  0.6
Maces & Flails | |  0.6
Polearms       | |  0.6
Staves         | |  0.6
Slings         | |  0.6
Bows           | |  0.6
Crossbows      | |  0.6
Throwing       | |  2.5
Armour         | |  0.6
Dodging        | |  0.6
Stealth        | |  0.6
Shields        | |  2.5
Unarmed Combat | |  0.6
Spellcasting   | |  2.8
Conjurations   | |  0.4
Hexes          | |  5.4
Charms         | |  0.4
Summonings     | |  0.4
Necromancy     | |  0.4
Translocations | |  0.4
Transmutations | |  0.4
Fire Magic     | |  3.7
Ice Magic      | |  0.4
Earth Magic    | |  0.4
Invocations    | |  0.8
Evocations     | |  0.6

Action                   || total
-------------------------++-------
Melee: Dagger            ||   107
       Bite              ||    19
       Short sword       ||    49
  Use: Scroll            ||     5
  Eat: Ration            ||     1
Armor: Leather armour    ||    40
       Scale mail        ||    27
Dodge: Dodged            ||    51
Block: Shield            ||    47
       Large shield      ||    44
